 Dungeon Crawl Stone Soup version 0.20.1-1-g8b1a95d (webtiles) character file.

3759 kaze the Covered (level 10, -1/61 HPs)
             Began as a Gargoyle Fighter on Oct 22, 2017.
             Slain by Regeox's ghost (10 damage)
             ... on level 9 of the Dungeon on Nov 25, 2017.
             The game lasted 00:17:14 (7170 turns).

kaze the Covered (Gargoyle Fighter)                 Turns: 7170, Time: 00:17:15

Health: -1/61      AC: 22    Str: 23    XL:     10   Next: 15%
Magic:  10/10      EV:  9    Int: 15    God:
Gold:   378        SH:  4    Dex: 11    Spells: 9/9 levels left

rFire    . . .     SeeInvis .   B - +3 great sword of Muerhogh {holy, Int+2}
rCold    . . .     Gourm    .   (shield currently unavailable)
rNeg     + + .     Faith    .   I - +1 chain mail {rN+}
rPois    ∞         Spirit   .   (no helmet)
rElec    +         Reflect  +   e - +0 cloak
rCorr    .         Harm     .   a - +1 pair of gloves
MR       .....                  (no boots)
Stlth    ..........             y - +4 amulet of reflection
Regen    0.2/turn               s - +4 ring of intelligence
MPRegen  0.2/turn               (no ring)

@: no status effects
A: big wings, agile 1, blurry vision 1, negative energy resistance 1, sense
surroundings 1, electricity resistance, unbreathing, evolution 1, petrification
resistance, rot immunity, AC +7
a: Fly


You were on level 9 of the Dungeon.
You were not hungry.

You visited 1 branch of the dungeon, and saw 9 of its levels.

You collected 378 gold pieces.

Inventory:

Hand Weapons
 A - the +3 dire flail "Kaggol" {venom, +Rage rElec}
   (You found it on level 6 of the Dungeon)

   It poisons the flesh of those it strikes.
   It insulates you from electricity.
   It lets you go berserk.
 B - the +3 great sword of Muerhogh (weapon) {holy, Int+2}
   (You found it on level 6 of the Dungeon)

   It has been blessed by the Shining One to cause great damage to the undead
   and demons.
   It affects your intelligence (+2).
Armour
 a - a +1 pair of gloves (worn)
 c - a +0 shield
 e - a +0 cloak (worn)
 I - a +1 chain mail of positive energy (worn)
Jewellery
 s - a +4 ring of intelligence (left hand)
 y - a +4 amulet of reflection (around neck)
Scrolls
 f - 4 scrolls of teleportation
 h - 2 scrolls of magic mapping
 i - 2 scrolls of identify
 k - 2 scrolls of remove curse
 m - 3 scrolls of amnesia
 n - 4 scrolls of recharging
 p - a scroll of enchant weapon
 E - a scroll of blinking {unknown}
 H - 2 scrolls of fear
 L - a scroll of immolation {unknown}
Potions
 b - a potion of curing
 d - a potion of magic {unknown}
 j - a potion of agility {unknown}
 l - 2 potions of mutation
 x - 2 potions of degeneration {unknown}
 z - a potion of heal wounds
 J - a potion of brilliance {unknown}
Comestibles
 g - 3 meat rations
 o - 5 bread rations
 q - 3 chunks of flesh
 t - 5 fruits
 v - 4 royal jellies


   Skills:
 + Level 6.3 Fighting
 + Level 6.4 Long Blades
 + Level 6.5 Maces & Flails
 + Level 7.3 Armour
 + Level 3.0 Dodging
 + Level 1.9 Stealth
 + Level 7.2 Shields


You had 9 spell levels left.
You didn't know any spells.

Dungeon Overview and Level Annotations

Branches:
Dungeon (9/15)             Temple (0/1) D:5
   Lair: D:8-11         Orc: D:9-12

Altars:
Cheibriados
Dithmenos
Elyvilon
Fedhas
Gozag
Hepliaklqana
Okawaru
Qazlal
Uskayaw
Vehumet
Xom
Zin

Shops:
D:6 (

Annotations:
D:9 Regeox's ghost, journeyman HOFi


Innate Abilities, Weirdness & Mutations

You are resistant to torment.
Your stone body is resilient. (AC +7)
You are immune to poison.
You resist negative energy. (rN+)
You are resistant to electric shocks. (rElec)
You can survive without breathing.
You are immune to petrification.
You are immune to rotting.
Your large and strong wings let you fly indefinitely.
You are agile. (Dex +2)
Scrolls take you a little longer to read.
You passively map a small area around you.
You evolve.


Message History

You hit Regeox's ghost but do no damage.
Regeox's ghost is almost destroyed.
Regeox's ghost hits you.
* * * LOW HITPOINT WARNING * * *
You closely miss Regeox's ghost.
Regeox's ghost is almost destroyed.
Regeox's ghost hits you but does no damage.
You hit Regeox's ghost.
Regeox's ghost convulses.
Regeox's ghost is almost destroyed.
Regeox's ghost hits you!
* * * LOW HITPOINT WARNING * * *
Regeox's ghost completely misses you.
You hit Regeox's ghost but do no damage.
Regeox's ghost is almost destroyed.
Regeox's ghost hits you but does no damage.
You closely miss Regeox's ghost.
Regeox's ghost is almost destroyed.
Regeox's ghost hits you but does no damage.
Regeox's ghost hits you!
You die...

..?.... #......
........#....... ,,,
........#...... *
........#..... , ,
........#...# ### *
#.......#... ...#
#.......#.###...#....#
#.......'.'.....#....#
#.....W@#.#.....#....#
#.......#.#.....#....# * *
#.......#.'.....#....#
,,........#.#.....#....###
, ........#.#.....#.......
, ........#.#.....#.......
, ,
........#.#######.......
....#####............... ,
, #...................


You could see Regeox's ghost.

Vanquished Creatures
  The ghost of Frank the Slasher, a novice OpFi (D:4)
  Grum (D:9)
  2 water moccasins
  2 orc warriors
  A sky beast (D:6)
  2 necrophages
  A black bear (D:8)
  4 ogres
  2 wolves (D:9)
  3 centaurs (D:6)
  2 bullfrogs (D:8)
  A wyvern zombie (D:8)
  2 scorpions (D:8)
  5 wights (D:3)
  4 crimson imps
  A jelly (D:6)
  A quasit (D:8)
  An orc priest (D:8)
  5 bullfrog skeletons
  2 hounds
  10 orc wizards
  3 iguanas
  3 worker ants
  A hound zombie (D:8)
  8 adders
  12 gnolls
  3 river rats (D:7)
  2 shadow imps
  An ooze (D:4)
  An adder zombie (D:5)
  An adder skeleton (D:5)
  3 worms
  4 dart slugs (D:1)
  8 leopard geckos
  24 orcs
  8 bats
  3 giant cockroaches
  18 goblins
  10 hobgoblins
  7 jackals
  A quokka (D:7)
  4 ball pythons
  7 frilled lizards
  A giant cockroach zombie (D:5)
  14 kobolds
  A leopard gecko skeleton (D:5)
  A quokka zombie (D:6)
  3 rats
205 creatures vanquished.

Vanquished Creatures (others)
  A centaur (D:5)
  A worker ant (D:5)
  A leopard gecko (D:5)
  An orc (D:5)
  A plant (D:7)
5 creatures vanquished.

Grand Total: 210 creatures vanquished

Notes
Turn   | Place    | Note
-------+----------+-------------------------------------------
     0 | D:1      | kaze the Gargoyle Fighter began the quest for the Orb.
     0 | D:1      | Reached XP level 1. HP: 14/14 MP: 1/1
   120 | D:1      | Reached XP level 2. HP: 19/19 MP: 2/2
   328 | D:1      | Reached XP level 3. HP: 18/23 MP: 3/3
  1006 | D:2      | Reached XP level 4. HP: 28/28 MP: 4/4
  1334 | D:3      | Reached skill level 1 in Dodging
  1334 | D:3      | Reached XP level 5. HP: 24/32 MP: 5/5
  1353 | D:3      | Reached XP level 6. HP: 20/37 MP: 6/6
  1488 | D:3      | Found a shadowy altar of Dithmenos.
  2017 | D:4      | Reached skill level 5 in Shields
  2032 | D:4      | Gained mutation: You evolve. [potion of mutation]
  2032 | D:4      | Gained mutation: Scrolls take you a little longer to read. [potion of mutation]
  2032 | D:4      | Gained mutation: You passively map a small area around you. [potion of mutation]
  2095 | D:4      | Noticed Frank's ghost (novice OpFi)
  2112 | D:4      | Killed Frank's ghost
  2112 | D:4      | Reached skill level 5 in Maces & Flails
  2112 | D:4      | Reached skill level 5 in Armour
  2112 | D:4      | Reached skill level 1 in Stealth
  2112 | D:4      | Reached XP level 7. HP: 37/43 MP: 7/7
  2197 | D:4      | Found a stormy altar of Qazlal.
  2411 | D:4      | Found a hazy altar of Hepliaklqana.
  2442 | D:4      | Found a white marble altar of Elyvilon.
  2626 | D:5      | Entered Level 5 of the Dungeon
  2674 | D:5      | Reached XP level 8. HP: 46/48 MP: 8/8
  2743 | D:5      | Found a staircase to the Ecumenical Temple.
  2973 | D:5      | Found a shimmering altar of Xom.
  2979 | D:5      | Gained mutation: Your large and strong wings let you fly indefinitely. [evolution]
  3179 | D:5      | Found a blossoming altar of Fedhas.
  3375 | D:6      | Got an iridescent dire flail
  3390 | D:6      | Got a scorched great sword
  3403 | D:6      | Identified the +3 dire flail "Kaggol" {venom, +Rage rElec} (You found it on level 6 of the Dungeon)
  3404 | D:6      | Identified the +3 great sword of Muerhogh {holy, Int+2} (You found it on level 6 of the Dungeon)
  3441 | D:6      | HP: 2/48 [something (2)]
  3922 | D:6      | Found a hide-covered altar of Uskayaw.
  3940 | D:6      | Reached skill level 1 in Long Blades
  3968 | D:6      | Found a radiant altar of Vehumet.
  3991 | D:6      | Found a snail-covered altar of Cheibriados.
  4439 | D:6      | Reached skill level 5 in Fighting
  4439 | D:6      | Reached XP level 9. HP: 54/54 MP: 9/9
  4484 | D:6      | Found a radiant altar of Vehumet.
  4559 | D:6      | Found Xoypp's Antique Weapon Emporium.
  5326 | D:8      | Gained mutation: You are agile. (Dex +2) [evolution]
  5699 | D:8      | Reached skill level 5 in Long Blades
  6495 | D:8      | Found an opulent altar of Gozag.
  6496 | D:8      | Found a glowing silver altar of Zin.
  6732 | D:8      | Found a snail-covered altar of Cheibriados.
  6755 | D:8      | Found an iron altar of Okawaru.
  6949 | D:9      | Reached XP level 10. HP: 60/60 MP: 10/10
  7042 | D:9      | Noticed Grum
  7054 | D:9      | Killed Grum
  7147 | D:9      | Noticed Regeox's ghost (journeyman HOFi)
  7170 | D:9      | Slain by Regeox's ghost

Skill      XL: |  1  2  3  4  5  6  7  8  9 10 |
---------------+-------------------------------+-----
Armour         | 4 5 6 7 |  7.3
Maces & Flails | 3 5 6 |  6.5
Dodging        | 1 2 3 |  3.0
Shields        | 4 5 6 7 |  7.2
Fighting       | 4 5 6 |  6.3
Stealth        | 1 |  1.9
Long Blades    | 2 5 6 |  6.4

Action                   |  1- 3 |  4- 6 |  7- 9 | 10-12 || total
-------------------------+-------+-------+-------+-------++-------
Melee: Flail             |   167 |    61 |       |       ||   228
       Mace              |       |    82 |   209 |       ||   291
       Great sword       |       |       |   204 |    51 ||   255
  Use: Scroll            |     2 |       |    13 |       ||    15
       Potion            |       |     8 |     2 |     2 ||    12
  Eat: Bread ration      |       |     1 |       |       ||     1
       Chunk             |       |       |     6 |     1 ||     7
       Meat ration       |       |       |     2 |       ||     2
Armor: Scale mail        |   128 |    74 |   118 |       ||   320
       Chain mail        |       |       |   137 |    50 ||   187
Dodge: Dodged            |    60 |    45 |   209 |    33 ||   347
Block: Shield            |   110 |    86 |   155 |       ||   351
       Other             |       |       |    46 |    18 ||    64
       Reflection        |       |       |     9 |     1 ||    10
       Rpst.: Great sword |       |       |    39 |     6 ||    45
